ESL (28 & UNDER)
BUFFALO LIGHTSABRES @ WILMINGTON REBELS
04/08/2030
 
TOP OF THE 1ST
Buffalo LightSabres batting - Pitching for Wilmington Rebels : RHP Landon Bailey
Pitching: RHP Landon Bailey
Batting: RHB Mike Wagner 0-0: Ball
1-0: Swinging Strike
1-1: Ball
2-1: Ball
3-1: Ground out 4-3 (Groundball, 4)
Batting: RHB Júlio López 0-0: SINGLE (Line Drive, 89S)
Batting: LHB Garrett King 0-0: Ball
1-0: Fly out, F5 (Popup, 56S)
Batting: RHB Augusto Padilla 0-0: Ball
1-0: Called Strike
1-1: Ball
2-1: SINGLE (Line Drive, 34D)
Júlio López to second
Batting: LHB Tim Griffith 0-0: Fly out, F9 (Flyball, 9LM)
Top of the 1st over - 0 runs, 2 hits, 0 errors, 2 left on base; Buffalo 0 - Wilmington 0
BOTTOM OF THE 1ST
Wilmington Rebels batting - Pitching for Buffalo LightSabres : RHP Dan Jones
Pitching: RHP Dan Jones
Batting: RHB Miguel Cervantes 0-0: Called Strike
0-1: Ball
1-1: Ball
2-1: Foul Ball, location: 2F
2-2: Ball
3-2: Base on Balls
Batting: RHB Pedro Zavala 0-0: Fly out, F8 (Flyball, 8LD)
Batting: LHB Guillermo Santos 0-0: Ball
1-0: Called Strike
1-1: Called Strike
1-2: Foul Ball, location: 2F
1-2: Grounds into double play, 4-6-3 (Groundball, 4)
Bottom of the 1st over - 0 runs, 0 hits, 0 errors, 0 left on base; Buffalo 0 - Wilmington 0
TOP OF THE 2ND
Buffalo LightSabres batting - Pitching for Wilmington Rebels : RHP Landon Bailey
Batting: LHB Sergio Luna 0-0: Called Strike
0-1: Ball
1-1: Called Strike
1-2: Foul Ball, location: 2F
1-2: Strikes out swinging
Batting: RHB Jorge Castillo 0-0: Called Strike
0-1: Ball
1-1: Foul Ball, location: 2F
1-2: Strikes out looking
Batting: RHB Brad Ravenshaw 0-0: Foul Ball, location: 2F
0-1: Called Strike
0-2: SINGLE (Line Drive, 6M)
Batting: LHB Júlio Córdova 0-0: Called Strike
0-1: Foul Ball, location: 2F
0-2: Strikes out swinging
Top of the 2nd over - 0 runs, 1 hit, 0 errors, 1 left on base; Buffalo 0 - Wilmington 0
BOTTOM OF THE 2ND
Wilmington Rebels batting - Pitching for Buffalo LightSabres : RHP Dan Jones
Batting: LHB Marv Alexander 0-0: Fly out, F6 (Popup, 56)
Batting: LHB Marv Gardner 0-0: Ball
1-0: Called Strike
1-1: Swinging Strike
1-2: Ball
2-2: Ground out 5-3 (Groundball, 2L)
Batting: RHB Henry Dawson 0-0: Called Strike
0-1: Ball
1-1: Ball
2-1: Ground out 6-3 (Groundball, 6)
Bottom of the 2nd over - 0 runs, 0 hits, 0 errors, 0 left on base; Buffalo 0 - Wilmington 0
TOP OF THE 3RD
Buffalo LightSabres batting - Pitching for Wilmington Rebels : RHP Landon Bailey
Batting: RHB Mike Wagner 0-0: Foul Ball, location: 2F
0-1: SINGLE (Line Drive, 5L)
Batting: RHB Júlio López 0-0: Ball
1-0: Swinging Strike
1-1: Ball
2-1: SINGLE (Line Drive, 13)
Mike Wagner to second
Batting: LHB Garrett King 0-0: Lines into TRIPLE play, 6-4-3 (Line Drive, 6)
Top of the 3rd over - 0 runs, 2 hits, 0 errors, 0 left on base; Buffalo 0 - Wilmington 0
BOTTOM OF THE 3RD
Wilmington Rebels batting - Pitching for Buffalo LightSabres : RHP Dan Jones
Batting: LHB Seth Sullivan 0-0: Ground out 4-3 (Groundball, 4)
Batting: RHB Guillermo González 0-0: Ball
1-0: Called Strike
1-1: Fly out, F8 (Flyball, 8RS)
Batting: RHB José Fajardo 0-0: Foul Ball, location: 2F
0-1: Ground out 6-3 (Groundball, 6)
Bottom of the 3rd over - 0 runs, 0 hits, 0 errors, 0 left on base; Buffalo 0 - Wilmington 0
TOP OF THE 4TH
Buffalo LightSabres batting - Pitching for Wilmington Rebels : RHP Landon Bailey
Batting: RHB Augusto Padilla 0-0: Swinging Strike
0-1: Ball
1-1: Ball
2-1: Foul Ball, location: 2F
2-2: Strikes out swinging
Batting: LHB Tim Griffith 0-0: Hit by Pitch
Batting: LHB Sergio Luna 0-0: Ball
1-0: SINGLE (Groundball, 56D)
Tim Griffith to second
Batting: RHB Jorge Castillo 0-0: Ball
1-0: Ball
2-0: Ball
3-0: Base on Balls
Tim Griffith to third
Sergio Luna to second
Batting: RHB Brad Ravenshaw 0-0: Ball
1-0: Called Strike
1-1: Ball
2-1: Called Strike
2-2: Foul Ball, location: 2F
2-2: Ball
3-2: SINGLE (Line Drive, 9S)
Tim Griffith scores
Sergio Luna to third
Jorge Castillo to second
Runner from 3rd tries for Home, SAFE, no throw
Batting: LHB Júlio Córdova 0-0: Foul Ball, location: 2F
0-1: Ball
1-1: Swinging Strike
1-2: Grounds into double play, 4-6-3 (Groundball, 4)
Top of the 4th over - 2 runs, 2 hits, 0 errors, 1 left on base; Buffalo 2 - Wilmington 0
BOTTOM OF THE 4TH
Wilmington Rebels batting - Pitching for Buffalo LightSabres : RHP Dan Jones
Batting: RHB Miguel Cervantes 0-0: Called Strike
0-1: Foul Ball, location: 2F
0-2: Ball
1-2: Foul Ball, location: 2F
1-2: Strikes out swinging
Batting: RHB Pedro Zavala 0-0: Called Strike
0-1: Called Strike
0-2: Ground out 6-3 (Groundball, 6)
Batting: LHB Guillermo Santos 0-0: Called Strike
0-1: Fly out, F6 (Popup, P)
Bottom of the 4th over - 0 runs, 0 hits, 0 errors, 0 left on base; Buffalo 2 - Wilmington 0
TOP OF THE 5TH
Buffalo LightSabres batting - Pitching for Wilmington Rebels : RHP Landon Bailey
Batting: RHB Mike Wagner 0-0: Ball
1-0: Foul Ball, location: 2F
1-1: Swinging Strike
1-2: Strikes out swinging, 2-3 out at first.
Batting: RHB Júlio López 0-0: Ball
1-0: Fly out, F6 (Line Drive, 6)
Batting: LHB Garrett King 0-0: Called Strike
0-1: Ball
1-1: Swinging Strike
1-2: Foul Ball, location: 2F
1-2: Foul Ball, location: 2F
1-2: Ball
2-2: Strikes out swinging
Top of the 5th over - 0 runs, 0 hits, 0 errors, 0 left on base; Buffalo 2 - Wilmington 0
BOTTOM OF THE 5TH
Wilmington Rebels batting - Pitching for Buffalo LightSabres : RHP Dan Jones
Batting: LHB Marv Alexander 0-0: Ball
1-0: Called Strike
1-1: Swinging Strike
1-2: Ball
2-2: Ball
3-2: Base on Balls
Batting: LHB Marv Gardner 0-0: Ball
1-0: Ball
2-0: Ball
3-0: Called Strike
3-1: Base on Balls
Marv Alexander to second
Batting: RHB Henry Dawson 0-0: Ball
1-0: Swinging Strike
1-1: Foul Ball, location: 2F
1-2: Foul Ball, location: 2F
1-2: Foul Ball, location: 2F
1-2: Ball
2-2: Strikes out looking
Batting: LHB Seth Sullivan 0-0: Ball
1-0: Ball
2-0: Called Strike
2-1: Foul Ball, location: 2F
2-2: Strikes out swinging
Batting: RHB Guillermo González 0-0: Ball
1-0: Ball
2-0: Foul Ball, location: 2F
2-1: Ball
3-1: SINGLE (Groundball, 56D)
Marv Alexander to third
Marv Gardner to second
Runner from 3rd tries for Home, SAFE, throw made home
Batting: RHB José Fajardo 0-0: SINGLE (Line Drive, 34D)
Marv Gardner to third
Guillermo González to second
Runner from 3rd tries for Home, SAFE, no throw
Batting: RHB Miguel Cervantes 0-0: Called Strike
0-1: Ball
1-1: Ball
2-1: Foul Ball, location: 2F
2-2: SINGLE (Groundball, 56D)
Guillermo González to third
José Fajardo to second
Runner from 3rd tries for Home, SAFE, no throw
Batting: RHB Pedro Zavala 0-0: Ball
1-0: Called Strike
1-1: Ball
2-1: Ball
3-1: Base on Balls
José Fajardo to third
Miguel Cervantes to second
Batting: LHB Guillermo Santos 0-0: Ball
1-0: DOUBLE (Flyball, 8RXD)
José Fajardo scores
Miguel Cervantes scores
Pedro Zavala to third
Batting: LHB Marv Alexander 0-0: Foul Ball, location: 2F
0-1: Ground out 4-3 (Groundball, 4)
Bottom of the 5th over - 5 runs, 4 hits, 0 errors, 2 left on base; Buffalo 2 - Wilmington 5
TOP OF THE 6TH
Buffalo LightSabres batting - Pitching for Wilmington Rebels : RHP Landon Bailey
Batting: RHB Augusto Padilla 0-0: SOLO HOME RUN (Flyball, 7D), Distance : 371 ft
Batting: LHB Tim Griffith 0-0: Called Strike
0-1: Ball
1-1: Fly out, F6 (Line Drive, 6)
Batting: LHB Sergio Luna 0-0: Ball
1-0: Foul Ball, location: 2F
1-1: Foul Ball, location: 2F
1-2: Ball
2-2: Ball
3-2: Foul Ball, location: 2F
3-2: Base on Balls
Batting: RHB Jorge Castillo 0-0: Ball
1-0: Fly out, F8 (Flyball, 8RD)
Batting: RHB Brad Ravenshaw 0-0: Called Strike
0-1: Ball
1-1: Called Strike
1-2: SINGLE (Line Drive, 78S)
Sergio Luna to second
Batting: LHB Júlio Córdova 0-0: Ball
1-0: Swinging Strike
1-1: Foul Ball, location: 2F
1-2: Strikes out swinging
Top of the 6th over - 1 run, 2 hits, 0 errors, 2 left on base; Buffalo 3 - Wilmington 5
BOTTOM OF THE 6TH
Wilmington Rebels batting - Pitching for Buffalo LightSabres : RHP Dan Jones
Batting: LHB Marv Gardner 0-0: Ball
1-0: Swinging Strike
1-1: Called Strike
1-2: Fly out, F4 (Popup, 4S)
Batting: RHB Henry Dawson 0-0: Ball
1-0: Ball
2-0: Ball
3-0: Base on Balls
Batting: LHB Seth Sullivan 0-0: Ball
1-0: Ball
2-0: Ball
3-0: Called Strike
3-1: SINGLE (Groundball, 34D)
Henry Dawson to second
Runner from 2nd tries for 3rd, SAFE, no throw
Batting: RHB Guillermo González 0-0: Called Strike
0-1: Swinging Strike
0-2: SINGLE (Groundball, 56S) (infield hit)
Henry Dawson scores
Seth Sullivan to second
Batting: RHB José Fajardo 0-0: Ball
1-0: Swinging Strike
1-1: Swinging Strike
1-2: Strikes out swinging
Batting: RHB Miguel Cervantes 0-0: Ball
1-0: Called Strike
1-1: Ball
2-1: Foul Ball, location: 2F
2-2: Ball
3-2: SINGLE (Line Drive, 89S)
Seth Sullivan to third
Guillermo González to second
Seth Sullivan scores
Guillermo González to third
Pitching: RHP Júlio Ruíz
Batting: RHB Pedro Zavala 0-0: Foul Ball, location: 2F
0-1: Fly out, F7 (Flyball, 7LSF)
Bottom of the 6th over - 2 runs, 3 hits, 0 errors, 2 left on base; Buffalo 3 - Wilmington 7
TOP OF THE 7TH
Buffalo LightSabres batting - Pitching for Wilmington Rebels : RHP Landon Bailey
Batting: RHB Mike Wagner 0-0: Ball
1-0: Ball
2-0: Swinging Strike
2-1: Foul Ball, location: 2F
2-2: Strikes out swinging
Pitching: RHP Ramón Alaniz
Batting: RHB Júlio López 0-0: Ball
1-0: Foul Ball, location: 2F
1-1: Ball
2-1: Foul Ball, location: 2F
2-2: Ground out 5-3 (Groundball, 56)
Batting: LHB Garrett King 0-0: Foul Ball, location: 2F
0-1: Ball
1-1: SINGLE (Flyball, 8LS)
Batting: RHB Augusto Padilla 0-0: Ball
1-0: Foul Ball, location: 2F
1-1: Ball
2-1: Ball
3-1: DOUBLE (Flyball, 8LXD)
Garrett King to third
Pitching: LHP Alan Baca
Batting: LHB Tim Griffith 0-0: Ground out 6-3 (Groundball, 6)
Top of the 7th over - 0 runs, 2 hits, 0 errors, 2 left on base; Buffalo 3 - Wilmington 7
BOTTOM OF THE 7TH
Wilmington Rebels batting - Pitching for Buffalo LightSabres : RHP Júlio Ruíz
Batting: LHB Guillermo Santos 0-0: Ball
1-0: Ball
2-0: Called Strike
2-1: Ball
3-1: Base on Balls
Batting: LHB Marv Alexander 0-0: Ball
1-0: Ball
2-0: Fielders Choice at 2nd, 6-4 (Groundball, 56)
Batting: LHB Marv Gardner 0-0: Ball
1-0: Ball
2-0: Ball
3-0: Called Strike
3-1: Base on Balls
Marv Alexander to second
Batting: RHB Henry Dawson 0-0: Called Strike
0-1: Ball
1-1: Fly out, F7 (Flyball, 78S)
Batting: LHB Seth Sullivan 0-0: Ball
1-0: Swinging Strike
1-1: Foul Ball, location: 2F
1-2: SINGLE (Groundball, 56D)
Marv Alexander to third
Marv Gardner to second
Runner from 3rd tries for Home, SAFE, no throw
Batting: RHB Guillermo González 0-0: Ball
1-0: Called Strike
1-1: Fly out, F9 (Line Drive, 9)
Bottom of the 7th over - 1 run, 1 hit, 0 errors, 2 left on base; Buffalo 3 - Wilmington 8
TOP OF THE 8TH
Buffalo LightSabres batting - Pitching for Wilmington Rebels : LHP Alan Baca
Now at 2B: Ivan Costello
Batting: LHB Sergio Luna 0-0: Ball
1-0: Foul Ball, location: 2F
1-1: Reached on error, E3 (Groundball, 3)
Pitching: LHP Manuel Guel
Batting: RHB Jorge Castillo 0-0: Ball
1-0: Ball
2-0: Ball
3-0: Base on Balls
Sergio Luna to second
Batting: RHB Brad Ravenshaw 0-0: Grounds into double play, 5-4-3 (Groundball, 5)
Sergio Luna to third
Batting: LHB Júlio Córdova 0-0: Swinging Strike
0-1: Called Strike
0-2: Ball
1-2: Strikes out swinging
Top of the 8th over - 0 runs, 0 hits, 1 error, 1 left on base; Buffalo 3 - Wilmington 8
BOTTOM OF THE 8TH
Wilmington Rebels batting - Pitching for Buffalo LightSabres : RHP Júlio Ruíz
Batting: RHB José Fajardo 0-0: Ball
1-0: Foul Ball, location: 2F
1-1: Foul Ball, location: 2F
1-2: Fly out, F8 (Flyball, 89D)
Batting: RHB Miguel Cervantes 0-0: Ball
1-0: Ball
2-0: Called Strike
2-1: Ball
3-1: Fly out, F9 (Line Drive, 9S)
Batting: RHB Pedro Zavala 0-0: Ball
1-0: Ball
2-0: Foul Ball, location: 2F
2-1: Ball
3-1: Base on Balls
Batting: LHB Guillermo Santos 0-0: Ball
1-0: SINGLE (Flyball, 89S)
Pedro Zavala to second
Runner from 2nd tries for 3rd, SAFE, no throw
Batting: LHB Marv Alexander 0-0: Called Strike
0-1: Fielders Choice at 2nd, 6-4 (Groundball, 6)
Bottom of the 8th over - 0 runs, 1 hit, 0 errors, 2 left on base; Buffalo 3 - Wilmington 8
TOP OF THE 9TH
Buffalo LightSabres batting - Pitching for Wilmington Rebels : LHP Manuel Guel
Now at C: Juan Jose Mendoza
Batting: RHB Mike Wagner 0-0: Ground out 1-3 (Groundball, 15S)
Batting: RHB Júlio López 0-0: Fly out, F4 (Popup, 34S)
Batting: LHB Garrett King 0-0: Called Strike
0-1: Swinging Strike
0-2: Ball
1-2: Foul Ball, location: 2F
1-2: SINGLE (Groundball, 34D)
Batting: RHB Augusto Padilla 0-0: Called Strike
0-1: Ball
1-1: Foul Ball, location: 2F
1-2: Fly out, F7 (Flyball, 78M)
Top of the 9th over - 0 runs, 1 hit, 0 errors, 1 left on base; Buffalo 3 - Wilmington 8
Saturday, April 7th, 2018 - OOTP Baseball 18.8 Build 76